 Dungeon Crawl Stone Soup version 0.29-a0-474-gdfe5cd140f (webtiles) character file.

Game seed: 13616009123350169380

1219 ders the Thaumaturge (level 8, -6/45 HPs)
             Began as a Djinni Conjurer on May 23, 2022.
             Shot with an arrow by a centaur (7 damage)
             ... on level 4 of the Dungeon.
             The game lasted 00:07:37 (4949 turns).

ders the Thaumaturge (Djinni Conjurer)              Turns: 4949, Time: 00:07:38

Health: -6/45      AC:  7    Str:  6    XL:     8   Next: 75%
Gold:   192        EV: 12    Int: 22    God:
                   SH:  0    Dex: 12

rFire   + + +      SeeInvis .   b - +2 long sword (elec)
rCold   . . .      Faith    .   (no shield)
rNeg    . . .      Spirit   .   a - +0 robe
rPois   ∞          Reflect  .   (no helmet)
rElec   .          Harm     .   d - scarf {rC+ rF+}
rCorr   .          Rampage  .   x - +0 pair of gloves
Will    .....                   (boots unavailable)
Stlth   ++........              (no amulet)
HPRegen 0.15/turn               (no ring)
MPRegen 0.00/turn               (no ring)

@: flying
A: sickness immunity, fire resistance 2, cold vulnerability 1, float, innate
caster, HP casting, extra vitality 1, iridescent scales 2, frail 1
a: no special abilities


You were on level 4 of the Dungeon.
You visited 1 branch of the dungeon, and saw 4 of its levels.

You collected 192 gold pieces.

Inventory:

Hand Weapons
 b - a +2 long sword of electrocution (weapon)
Missiles
 k - 129 stones
Armour
 a - a +0 robe (worn)
 d - a scarf of resistance (worn)
 x - a +0 pair of gloves (worn)
Jewellery
 n - a +6 ring of intelligence
 t - an amulet of faith
Wands
 u - a wand of flame (8)
Scrolls
 e - 2 scrolls of fear {unknown}
 f - a scroll of acquirement {unknown}
 g - 2 scrolls of teleportation {unknown}
 h - 4 scrolls of identify {unknown}
 j - a scroll of magic mapping {unknown}
 l - a scroll of brand weapon {unknown}
 o - 2 scrolls of blinking {unknown}
 s - a scroll of poison {unknown}
 v - a scroll of summoning {unknown}
Potions
 c - a potion of mutation
 i - a potion of brilliance {unknown}
 m - a potion of curing {unknown}
 p - a potion of cancellation {unknown}
 q - a potion of attraction {unknown}
 r - 3 potions of lignification {unknown}
 w - a potion of degeneration {unknown}


   Skills:
 - Level 2.1 Dodging
 - Level 1.5 Stealth
 + Level 8.3 Spellcasting


You had 4 spell levels left.
You knew the following spells:

 Your Spells              Type           Power      Damage    Failure   Level
a - Magic Dart            Conj           100%       1d8       1%          1
b - Sandblast             Erth           92%        2d19      1%          1
c - Dazzling Flash        Conj/Hex       92%        N/A       1%          3
d - Fulminant Prism       Conj/Hex       23%        3d13      2%          4
e - Iskenderun's Mystic   Conj/Tloc      46%        2d10      2%          4
f - Searing Ray           Conj           92%        2d7       1%          2
g - Scorch                Fire           92%        2d9       1%          2
h - Blink                 Tloc           92%        N/A       1%          2
Your spell library was empty.

Dungeon Overview and Level Annotations

Branches:
Dungeon (4/15)
 Temple: D:4-7

Altars:
Beogh

Annotations:
D:4 Duvessa


Innate Abilities, Weirdness & Mutations

You are immune to sickness and miasma.
You are immune to poison.
Your flesh is very heat resistant. (rF++)
You are vulnerable to cold. (rC-)
You float through the air rather than walking.
You learn spells naturally, not from books.
Your magical power is your life essence.
You have superior vitality. (+4 MHP)
You are mostly covered in iridescent scales. (AC +4)
You are frail. (-10% HP)


Message History

The centaur shoots an arrow.
The arrow closely misses you.
Casting: Fulminant Prism (dangerous; 2% risk of failure)
Confirm with . or Enter, or press ? or * to list all spells.
Aiming: Fulminant Prism (dangerous; 2% risk of failure)
Press: ? - help, Dir - move target You conjure a prism of explosive energy!
A fulminant prism comes into view.
The centaur shoots an arrow.
The arrow closely misses you.
The centaur shoots an arrow.
The arrow hits you!
* * * LOW HITPOINT WARNING * * *
Duvessa says, "Where magic fails, the sword succeeds!"
Your fulminant prism crackles loudly.
Casting: Fulminant Prism (dangerous; 2% risk of failure)
Confirm with . or Enter, or press ? or * to list all spells.
Aiming: Fulminant Prism (dangerous; 2% risk of failure)
Press: ? - help, Dir - move target You conjure a prism of explosive energy!
* * * LOW HITPOINT WARNING * * *
A fulminant prism comes into view.
Duvessa hits your fulminant prism with a +0 rapier!
Your fulminant prism explodes!
The blast of energy engulfs your fulminant prism!!
Your fulminant prism detonates feebly.
The blast of energy engulfs Duvessa!!
Duvessa is severely wounded.
The blast of energy engulfs the centaur!
The centaur is severely wounded.
Casting: Fulminant Prism (dangerous; 2% risk of failure)
Confirm with . or Enter, or press ? or * to list all spells.
Aiming: Fulminant Prism (dangerous; 2% risk of failure)
Press: ? - help, Dir - move target You conjure a prism of explosive energy!
* * * LOW HITPOINT WARNING * * *
A fulminant prism comes into view.
The centaur unwields a +0 shortbow.
The centaur hits your fulminant prism. The centaur kicks your fulminant prism.
The centaur wields a +0 shortbow.
The centaur shoots an arrow.
The arrow completely misses your fulminant prism.
The arrow hits you!
You die...

.#.##.# .#.##.# ... .'....#
...### .#.#### #..#.. ##
...# #..#.# ... .###
######..#.# .... .#
#....#..#.# .....
########.##.#..#.#####.....?
...............#@....*e.....
...###.#..#.#..#.#####c.....
...# #.#..#.#..#.#...# .....
...# #.#.)#.#..#.#.#.# ####
...# #.#<.#.#..#.#.#.# ####
#.#..#.#..#...#.#
#.#).#.#..#####.#
#.#..#.#........#
#.#).#.#..#####.#


You could see Duvessa, a centaur (ally target) and a friendly fulminant prism.

Vanquished Creatures
  Sigmund (D:3)
  Menkaure (D:4)
  2 ogres
  The ghost of Bediveer the Digger, an amateur OpWn (D:3)
  A phantom (D:3)
  5 wights
  A howler monkey (D:4)
  An orc priest (D:3)
  Natasha (thrice) (D:3)
  3 orc wizards (D:3)
  4 gnolls (D:3)
  2 adders (D:4)
  2 dart slugs
  14 orcs
  6 ball pythons
  3 endoplasms
  6 giant cockroaches
  3 goblins
  3 hobgoblins
  4 jackals (D:2)
  2 quokkas (D:3)
  4 bats
  4 frilled lizards
  5 kobolds
  6 rats
  2 fulminant prisms (D:4)
89 creatures vanquished.

Vanquished Creatures (others)
  12 fulminant prisms
12 creatures vanquished.

Grand Total: 101 creatures vanquished

Notes
Turn   | Place    | Note
-------+----------+-------------------------------------------
     0 | D:1      | ders the Djinni Conjurer began the quest for the Orb.
     0 | D:1      | Reached XP level 1. HP: 15/15 MP: 0/0
   220 | D:1      | Reached XP level 2. HP: 19/21 MP: 0/0
   845 | D:1      | Reached XP level 3. HP: 24/25 MP: 0/0
   845 | D:1      | Learned a level 1 spell: Sandblast
  1385 | D:2      | Reached skill level 4 in Spellcasting
  2008 | D:2      | Found a faded altar of an unknown god.
  2146 | D:3      | Noticed an ogre
  2153 | D:3      | Killed an ogre
  2154 | D:3      | Reached XP level 4. HP: 27/31 MP: 0/0
  2154 | D:3      | Reached XP level 5. HP: 30/35 MP: 0/0
  2154 | D:3      | Learned a level 2 spell: Scorch
  2245 | D:2      | Reached skill level 5 in Spellcasting
  2470 | D:3      | Noticed a phantom
  2476 | D:3      | Killed a phantom
  2477 | D:3      | Reached XP level 6. HP: 34/40 MP: 0/0
  2670 | D:3      | Noticed Sigmund
  2675 | D:3      | Killed Sigmund
  2676 | D:3      | Reached skill level 6 in Spellcasting
  2676 | D:3      | Reached XP level 7. HP: 31/45 MP: 0/0
  2676 | D:3      | Learned a level 2 spell: Blink
  2957 | D:3      | Found a runed translucent gate.
  2957 | D:3      | Found a runed translucent gate.
  2957 | D:3      | Found a runed translucent gate.
  2960 | D:3      | Noticed Bediveer's ghost (amateur OpWn)
  3351 | D:3      | Identified the +1 ring mail "Piahol" {rPois rF- rN+ Str+7}
  3410 | D:3      | Noticed Natasha
  3413 | D:3      | Killed Natasha
  3446 | D:3      | Noticed Natasha
  3449 | D:3      | Killed Natasha
  3663 | D:3      | Killed Bediveer's ghost
  3671 | D:3      | Gained mutation: You are partially covered in iridescent
                  | scales. (AC +2) [potion of mutation]
  3671 | D:3      | Gained mutation: You are frail. (-10% HP) [potion of
                  | mutation]
  3671 | D:3      | Gained mutation: You are mostly covered in iridescent
                  | scales. (AC +4) [potion of mutation]
  3675 | D:3      | Reached skill level 7 in Spellcasting
  3934 | D:3      | Noticed Natasha
  3937 | D:3      | Killed Natasha
  3965 | D:4      | Noticed Menkaure
  3969 | D:4      | Killed Menkaure
  3970 | D:4      | Reached XP level 8. HP: 32/45 MP: 0/0
  4108 | D:4      | Identified the ring "Nikecyuj" {*Corrode rC+ Will- Dex+9
                  | SInv}
  4629 | D:4      | Reached skill level 8 in Spellcasting
  4942 | D:4      | Noticed Duvessa
  4949 | D:4      | Shot with an arrow by a centaur

Illustrated notes

Levels and vault maps discovered:
D:1:      matt_arrival_refuge, layout_basic, serial_forest,
          infiniplex_forest_lined_2, infiniplex_forest_end_3,
          infiniplex_forest_lined_ring, infiniplex_forest_clump_double,
          infiniplex_forest_end_2
D:2:      layout_basic, ebering_ecumenical_altar_abandoned
D:3:      layout_loops_ring, biasface_ghost_orc_armoury, uniq_sigmund,
          uniq_natasha
D:4:      layout_basic, temple_doors_e, roderic_lattice_a, minmay_shop_damaged,
          uniq_grinder, uniq_menkaure, uniq_duvessa

Skill      XL: |  1  2  3  4  5  6  7  8 |
---------------+-------------------------+-----
Spellcasting   | 4 5 6 7 8 |  8.3
Dodging        | |  2.1
Stealth        | |  1.5

Action                   |  1- 3 |  4- 6 |  7- 9 || total
-------------------------+-------+-------+-------++-------
Melee: Long sword        |     1 |       |     2 ||     3
 Cast: Magic Dart        |    56 |    14 |    53 ||   123
       Sandblast         |     3 |     9 |    26 ||    38
       Fulminant Prism   |       |       |    15 ||    15
       Iskenderun's Myst |       |       |     8 ||     8
  Use: Potion            |       |       |     2 ||     2
Armor: Robe              |     1 |       |     4 ||     5
Dodge: Dodged            |     1 |     2 |    13 ||    16

Table legend: (Time is in decaauts)
 A = Elapsed time spent in this place.
 B = Non-inter-level travel time spent in this place.
 C = Inter-level travel time spent in this place.
 D = Time resting spent in this place.
 E = Time spent auto-exploring this place.
 F = Levels seen in this place.
 G = Mean time per level.
                   A        B        C        D        E       F      G
               +--------+--------+--------+--------+--------+-----+--------+
         Total |   4956 |   4669 |    287 |    945 |   3266 |   4 | 1239.0 |
       Dungeon |   4956 |   4669 |    287 |    945 |   3266 |   4 | 1239.0 |
               +--------+--------+--------+--------+--------+-----+--------+

Top non-repeatable levels by time:
     D:3: 2120 daAuts
     D:1: 1265 daAuts
     D:2: 1086 daAuts
     D:4: 483 daAuts
